Unix NetHack Version 3.7.0-73 Work-in-progress - last build Feb 17 2023 02:16:44 (48fe2e8c4a70f1d2d5b622443eb9b5bc1b8d05f7,branch:master). Game began 2023-02-18 23:12:28, ended 2023-02-18 23:17:59. microlance, lawful female dwarven Valkyrie -----.-.-- |........| #....hi...| |....<.... ---------- Microlance the Skirmisher St:13 Dx:12 Co:20 In:10 Wi:10 Ch:11 Lawful S:370 Dlvl:4 $:40 HP:0(42) Pw:7(7) AC:6 Xp:3/45 T:1090 Latest messages: q - a moonstone ring (wielded). What do you want to read? [fjk or ?*] That is a silly thing to read. The homunculus bites! You begin bashing monsters with your moonstone ring. You hit the homunculus. The homunculus bites! You miss the homunculus. The homunculus bites! You miss the homunculus. The homunculus bites! You miss the homunculus. The homunculus bites! You miss the homunculus. The homunculus just misses! You miss the homunculus. The homunculus bites! You are put to sleep by the homunculus! The homunculus bites! The homunculus bites! The combat suddenly awakens you. You hit the homunculus. The homunculus bites! You miss the homunculus. The homunculus misses! You hit the homunculus. The homunculus bites! You miss the homunculus. The homunculus bites! You hit the homunculus. The homunculus bites! You are put to sleep by the homunculus! The homunculus bites! The homunculus bites! The homunculus bites! The homunculus bites! The homunculus bites! The homunculus bites! You wake up. You miss the homunculus. The homunculus bites! You miss the homunculus. The homunculus bites! You miss the homunculus. The homunculus bites! You hit the homunculus. The homunculus bites! You are put to sleep by the homunculus! The homunculus bites! You die... Inventory: Coins ('$') $ - 40 gold pieces Amulets ('"') o - an uncursed amulet of guarding Weapons (')') b - a +0 dagger (alternate weapon; not wielded) a - a +1 dwarvish spear Armor ('[') h - an uncursed +0 orcish helm c - an uncursed +3 small shield (being worn) Comestibles ('%') m - an uncursed carrot d - 2 uncursed food rations n - an uncursed food ration p - an uncursed fortune cookie g - 2 uncursed lichen corpses Scrolls ('?') j - a blessed scroll of earth f - an uncursed scroll of identify k - an uncursed scroll of teleportation Rings ('=') q - an uncursed +3 ring of gain strength (wielded) Tools ('(') l - an uncursed lock pick e - an uncursed oil lamp i - an uncursed oil lamp Microlance the Valkyrie's attributes: Background: You were a Skirmisher, a level 3 dwarven Valkyrie. You were lawful, nominally on a mission for Tyr who was opposed by Odin (neutral) and Loki (chaotic). You were in the Dungeons of Doom, on level 4. You entered the dungeon 1090 turns ago. It was nighttime. You had 45 experience points, 35 more were needed to attain level 4. Your score was 370 before end-of-game adjustments. Basics: You had 0 out of 42 hit points. You had all 7 energy points (spell power). Your armor class was 6. Your wallet contained 40 zorkmids. Autopickup was on for '$?!"=/' plus thrown, with exceptions. Final Characteristics: Your strength was 13 (limit:18/100). Your dexterity was 12 (limit:20). Your constitution was 20 (limit:20). Your intelligence was 10 (limit:16). Your wisdom was 10 (limit:16). Your charisma was 11 (limit:16). Final Status: You were not hungry. You were unencumbered. You were wielding a ring. Final Attributes: You were devoutly aligned. You were cold resistant. You had infravision. You were stealthy. You are dead. Miscellaneous: You disabled loading of bones levels. Total elapsed playing time was 5 minutes and 28 seconds. Major events: Turn 1: microlance the lawful dwarven Valkyrie entered the dungeon 829: attained the rank of Skirmisher (level 3) 1090: killed by a homunculus, while sleeping Vanquished creatures: a gecko 4 jackals 3 goblins a sewer rat 2 grid bugs 3 lichens a kobold zombie 5 newts 20 creatures vanquished. No species were genocided or became extinct. Voluntary challenges: You were an atheist. You were illiterate. You never engraved Elbereth. You never genocided any monsters. You never polymorphed an object. You never changed form. You used no wishes. Achievements: You entered a shop. You attained the rank of Skirmisher. The Dungeons of Doom: levels 1 to 4 Level 1: A fountain. Level 2: Level 3: A potion shop, a sink, a grave. Level 4: <- You were here. Final resting place for you, killed by a homunculus, while sleeping. Game over: ---------- / \ / REST \ / IN \ / PEACE \ / \ | microlance | | 40 Au | | killed by a | | homunculus | | | | | | 2023 | *| * * * | * _________)/\\_//(\/(/\)/\//\/|_)_______ Farvel microlance the Valkyrie... You died in The Dungeons of Doom on dungeon level 4 with 366 points, and 40 pieces of gold, after 1090 moves. You were level 3 with a maximum of 42 hit points when you died.